AoeStats
← [KMNB] Bandeira

African Clearing

510300605Analyzed
2v2 RM · 2d ago on Sep 30, 2026· 64m 55s· 4 players
Game mode
Random Map
Map size
Medium (4 player)
Population
200
Speed
Normal
Resources
Standard
Victory
Conquest
Starting age
Dark Age
Ending age
Imperial Age
RankedLock teamsTeams togetherTeam positionsShared explorationLock speedFull tech treeHidden civsTurbo modeCheats
Victory
Defeat
🇨🇳 Varangians · China
1451
+20
🇨🇳 Tatars · China
1440
+20
🇧🇷 Magyars · Brazil
1569
-21
🇧🇷 Huns · Brazil
1503
-19
TheHong
8:28 Loom
11:29 Feudal Age
12:05 Double-Bit Axe
18:31 Wheelbarrow
18:48 Man-at-Arms
19:54 Gold Mining
22:13 Castle Age
21:50 Bloodlines
21:58 Fletching
22:09 Padded Archer Armor
22:58 Bodkin Arrow
23:16 Bow Saw
23:33 Husbandry
27:13 Leather Archer Armor
30:39 Ballistics
30:33 Horse Collar
32:16 Masonry
31:48 Horse Collar
43:59 Imperial Age
44:42 Bracer
45:25 Ring Archer Armor
46:19 Chemistry
45:47 Heavy Plow
45:55 Stone Mining
46:39 Town Watch
46:18 Heavy Cavalry Archer
48:24 Gold Shaft Mining
50:16 Crop Rotation
54:17 Light Cavalry
56:11 Silk Armor
56:32 Conscription
59:36 Scale Barding Armor
59:41 Forging
59:00 Hussar
61:07 Chemistry
62:54 Iron Casting
62:40 Chain Barding Armor
62:42 Hand Cart
63:50 Chain Barding Armor
KamL
12:51 Feudal Age
12:23 Loom
14:03 Double-Bit Axe
16:55 Castle Age
14:51 Horse Collar
15:30 Scale Barding Armor
16:01 Bloodlines
24:05 Husbandry
25:29 Chain Barding Armor
27:56 Wheelbarrow
28:25 Forging
28:55 Town Watch
29:32 Squires
30:30 Bow Saw
32:04 Iron Casting
33:21 Scale Mail Armor
34:23 Heavy Plow
34:54 Chain Mail Armor
35:24 Hand Cart
35:08 Gold Mining
35:08 Stone Mining
39:05 Imperial Age
36:43 Arson
38:30 Stone Shaft Mining
38:25 Light Cavalry
39:16 Elite Varangian Guard
40:27 Plate Mail Armor
41:30 Blast Furnace
40:52 Conscription
40:14 Gothikon
41:13 Vendel Legacy
42:19 Hussar
44:10 Gambesons
46:55 Plate Barding Armor
46:29 Fletching
48:03 Bodkin Arrow
48:09 Padded Archer Armor
48:34 Ballistics
49:14 Chemistry
47:58 Treadmill Crane
48:08 Elite Skirmisher
48:55 Bracer
49:50 Leather Archer Armor
51:45 Ring Archer Armor
51:32 Cavalier
55:12 Coinage
56:09 Murder Holes
57:30 Pikeman
61:48 Two-Man Saw
60:50 Town Patrol
62:50 Banking
62:31 Guilds
64:54 Masonry
64:50 Siege Engineers
[KMNB] Bandeira
3:24 Loom
12:02 Feudal Age
12:53 Double-Bit Axe
15:51 Horse Collar
16:34 Scale Barding Armor
28:06 Castle Age
27:17 Scale Mail Armor
28:48 Bloodlines
28:18 Pikeman
29:42 Wheelbarrow
29:24 Bow Saw
30:22 Chain Barding Armor
32:12 Husbandry
34:16 Light Cavalry
37:07 Ballistics
39:26 Man-at-Arms
41:48 Long Swordsman
43:37 Chain Mail Armor
65:35 Imperial Age
64:04 Hand Cart
[KMNB] Dedão
5:28 Loom
12:07 Feudal Age
12:36 Double-Bit Axe
13:59 Horse Collar
16:49 Wheelbarrow
21:04 Castle Age
19:05 Gold Mining
19:26 Fletching
20:22 Bloodlines
21:49 Bodkin Arrow
25:06 Padded Archer Armor
25:58 Ballistics
27:58 Leather Archer Armor
28:56 Bow Saw
28:55 Husbandry
34:41 Thumb Ring
40:09 Imperial Age
37:49 Town Watch
40:02 Hand Cart
41:20 Parthian Tactics
41:19 Conscription
42:19 Chemistry
41:52 Heavy Plow
41:16 Capped Ram
42:06 Bracer
44:03 Heavy Cavalry Archer
45:04 Scale Barding Armor
45:10 Forging
44:31 Light Cavalry
45:18 Elite Tarkan
46:57 Chain Barding Armor
47:13 Iron Casting
47:24 Gold Shaft Mining
46:40 Stone Mining
47:19 Marauders
48:29 Plate Barding Armor
51:05 Two-Man Saw
51:55 Coinage
53:28 Blast Furnace
57:33 Masonry
57:19 Murder Holes
60:51 Hussar
Connection lost

Rejoining the realm…

Still unreachable

The connection could not be restored.

Session expired

The server has moved on; the page needs a fresh start.